 Dungeon Crawl Stone Soup version 0.27.1-34-g3ba077fa99 (webtiles) character file.

Game seed: 12960607720734667034

3005 safid the Cleaver (level 9, -1/69 (71) HPs)
             Began as a Hill Orc Fighter on Jan 4, 2022.
             Was an Initiate of Beogh.
             Slain by a centaur warrior (2 damage)
             ... on level 8 of the Dungeon.
             The game lasted 00:15:50 (8828 turns).

safid the Cleaver (Hill Orc Fighter)                Turns: 8828, Time: 00:15:51

HP:   -1/69 (71)    AC: 14    Str: 22    XL:     9   Next: 84%
MP:   9/9           EV:  9    Int: 15    God:    Beogh [......]
Gold: 94            SH: 13    Dex: 19    Spells: 8/8 levels left

rFire    + . .     SeeInvis .   b - +7 war axe of Valiance {vorpal, *Slow rPois Int+7 Dex+3}
rCold    . . .     Faith    .   c - +0 kite shield
rNeg     . . .     Spirit   .   d - +4 ring mail {rF+}
rPois    +         Reflect  .   (no helmet)
rElec    .         Harm     .   (no cloak)
rCorr    .         Rampage  .   u - +0 pair of gloves
Will     .....                  t - +2 pair of boots
Stlth    +.........             (no amulet)
HPRegen  0.21/turn              y - +6 ring of dexterity
MPRegen  0.11/turn              (no ring)

@: brilliant, flying, hasted, lightly drained, very quick
A: no striking features
a: Renounce Religion


You were on level 8 of the Dungeon.
You worshipped Beogh.
Beogh was noncommittal.
You visited 1 branch of the dungeon, and saw 8 of its levels.

You collected 348 gold pieces.
You spent 254 gold pieces at shops.

Inventory:

Hand Weapons
 a - a +0 war axe
 b - the +7 war axe of Valiance (weapon) {vorpal, *Slow rPois Int+7 Dex+3}
   (You bought it in a shop on level 3 of the Dungeon)

   It inflicts extra damage upon your enemies.
   Int:       It affects your intelligence (+7).
   Dex:       It affects your dexterity (+3).
   rPois:     It protects you from poison.
   *Slow:     It may slow you when you take damage.
 j - a +2 flail of holy wrath
Missiles
 f - 15 poisoned darts (quivered)
 p - 7 boomerangs
 A - 8 javelins
Armour
 c - a +0 kite shield (worn)
 d - a +4 ring mail of fire resistance (worn)
 t - a +2 pair of boots (worn)
 u - a +0 pair of gloves (worn)
Jewellery
 y - a +6 ring of dexterity (left hand)
Wands
 n - a wand of acid (4)
 w - a wand of charming (5)
Scrolls
 e - 3 scrolls of teleportation
 g - 3 scrolls of magic mapping
 h - 3 scrolls of fear
 l - 3 scrolls of enchant armour
 m - 2 scrolls of enchant weapon {unknown}
 s - a scroll of silence {unknown}
 v - a scroll of torment {unknown}
 x - a scroll of acquirement {unknown}
 B - a scroll of blinking {unknown}
Potions
 r - a potion of berserk rage {unknown}
 z - a potion of might
Miscellaneous
 q - a phantom mirror


   Skills:
 - Level 4.0 Fighting
 + Level 12.1 Axes
 - Level 4.0 Armour
 + Level 10.6 Shields


You had 8 spell levels left.
You didn't know any spells.
Your spell library contained the following spells:

 Spells                   Type           Power      Damage    Failure   Level
 Corpse Rot               Necr/Air       N/A        N/A       75%         2
 Slow                     Hex            0%         N/A       75%         2
 Confusing Touch          Hex            0%         N/A       92%         3
 Dispel Undead            Necr           0%         3d6       100%        4
 Yara's Violent Unravell  Hex/Tmut       0%         3d3       100%        5
 Death Channel            Necr           0%         N/A       100%        6


Dungeon Overview and Level Annotations

Branches:
Dungeon (8/15)             Temple (0/1) D:6
   Lair: D:8-11

Altars:
Fedhas
Gozag
Wu Jian
Yredelemnul

Shops:
D:3 [(?(

Annotations:
D:4 1 runed translucent door, Crazy Yiuf


Message History

You are too injured to fight recklessly!
You are too injured to fight recklessly!
You are too injured to fight recklessly!
You are too injured to fight recklessly!
You are too injured to fight recklessly!
You are too injured to fight recklessly!
You are too injured to fight recklessly!
Unknown command.
The centaur warrior shoots an arrow.
The arrow hits you.
The centaur warrior shoots an arrow.
The arrow barely misses you.
The centaur warrior shoots an arrow.
The arrow hits you but does no damage.
The centaur warrior shoots an arrow.
The arrow hits you. You block the centaur zombie's attack.
The centaur zombie closely misses you.
The centaur warrior shoots an arrow.
The arrow closely misses you.
You slash the centaur zombie!
The centaur zombie is heavily damaged.
You block the centaur zombie's attack. x2
The centaur zombie hits you but does no damage.
The centaur zombie kicks you but does no damage.
Unknown command.
You slice the centaur zombie!!
You destroy the centaur zombie!
Beogh accepts your kill.
The centaur warrior shoots an arrow.
The arrow hits you!!
* * * LOW HITPOINT WARNING * * *
Unknown command.
It was a potion of haste.
You feel yourself speed up.
It was a potion of brilliance.
You feel clever all of a sudden.
The centaur warrior shoots an arrow.
The arrow hits you.
* * * LOW HITPOINT WARNING * * *
It was a potion of flight.
You feel very buoyant.
You fly up into the air.
Okay, then.
Your shield prevents you from hitting the centaur warrior.
The centaur warrior unwields a +0 shortbow.
The centaur warrior hits you but does no damage.
The centaur warrior kicks you.
You die...

.......# #.#.#.# .......#
######.#.#.# .......#
#......#.#.#
###.########.######.#.# #.#
#.....####....#### #.#
#.........c....... ###.#
#......###...#### ....###
####.#.c.#..c###### #.#...#
#.#.#@#........### #.###.#
#.#.#.#...c..>.... #.###.####
#.#.#.#..!.....###
#>#......###.#.#.#...........
#.#..........#.#.####.....###
#.#......###.#.#.# #.....#
#.#......# ###.#.# #.###.#
#......# #+# #.# .# #...)..#
#.# #


You could see a centaur warrior.

Vanquished Creatures
  Maggie (D:7)
  Edmund (D:4)
  2 water moccasins
  An orc warrior (D:6)
  A black bear (D:4)
  2 ice beasts
  2 necrophages
  3 sky beasts
  2 ogres (D:5)
  2 centaurs
  A phantom (D:7)
  2 bullfrogs (D:8)
  A gnoll sergeant (D:7)
  A scorpion (D:4)
  A howler monkey (D:8)
  4 wights (D:8)
  2 centaur zombies
  2 bullfrog zombies
  A gnoll shaman (D:4)
  A hound (D:6)
  4 iguanas
  2 jellies (D:6)
  Terence (D:2)
  Natasha (D:2)
  An orc wizard (D:4)
  A killer bee zombie (D:8)
  7 gnolls
  3 howler monkey skeletons
  5 adders
  A white imp (D:5)
  3 ufetubi
  An adder zombie (D:5)
  3 adder skeletons
  A worm (D:3)
  3 dart slugs
  14 orcs
  4 ball pythons
  6 endoplasms
  5 giant cockroaches
  9 goblins
  8 hobgoblins
  4 jackals (D:5)
  3 kobolds
  A quokka (D:3)
  8 bats
  4 frilled lizards
  6 rats
  A spectral orc (D:4)
143 creatures vanquished.

Vanquished Creatures (others)
  2 orc wizards (D:5)
  An orc (D:6)
3 creatures vanquished.

Grand Total: 146 creatures vanquished

Notes
Turn   | Place    | Note
-------+----------+-------------------------------------------
     0 | D:1      | safid the Hill Orc Fighter began the quest for the Orb.
     0 | D:1      | Reached XP level 1. HP: 19/19 MP: 1/1
   295 | D:1      | Reached skill level 3 in Axes
   295 | D:1      | Reached XP level 2. HP: 27/27 MP: 2/2
   594 | D:1      | Reached XP level 3. HP: 29/33 MP: 3/3
   754 | D:1      | Found a faded altar of an unknown god.
  1343 | D:2      | Noticed Terence
  1348 | D:2      | Killed Terence
  1349 | D:2      | Reached XP level 4. HP: 40/40 MP: 4/4
  1350 | D:2      | Reached skill level 4 in Axes
  1452 | D:2      | Noticed Natasha
  1459 | D:2      | Killed Natasha
  2081 | D:3      | Reached XP level 5. HP: 37/46 MP: 5/5
  2159 | D:3      | Found an ornate altar of the Wu Jian Council.
  2251 | D:3      | Found Deigum's Antique Armour Shoppe.
  2284 | D:3      | Found Citu's Weapon Boutique.
  2441 | D:3      | Found Ommecit's Antique Weapon Emporium.
  2448 | D:3      | Found Celunk Iwus's Magic Scroll Shoppe.
  2451 | D:3      | Bought a scroll of identify for 20 gold pieces
  2451 | D:3      | Bought a scroll of teleportation for 30 gold pieces
  2611 | D:4      | Reached skill level 5 in Axes
  2743 | D:4      | Found a blossoming altar of Fedhas.
  2791 | D:4      | Noticed a black bear
  2826 | D:4      | Killed a black bear
  2827 | D:4      | Reached skill level 5 in Shields
  2827 | D:4      | Reached XP level 6. HP: 30/52 MP: 6/6
  3697 | D:4      | Noticed a necrophage
  3709 | D:4      | Killed a necrophage
  3710 | D:4      | Reached skill level 6 in Axes
  3951 | D:4      | Noticed Edmund
  3967 | D:4      | Killed Edmund
  3968 | D:4      | Reached skill level 7 in Axes
  3968 | D:4      | Reached XP level 7. HP: 45/59 MP: 7/7
  4140 | D:4      | Found a basalt altar of Yredelemnul.
  4432 | D:4      | Found a runed translucent door.
  4433 | D:4      | Noticed Crazy Yiuf
  4485 | D:5      | Entered Level 5 of the Dungeon
  5432 | D:5      | Reached skill level 8 in Axes
  5513 | D:5      | Reached XP level 8. HP: 62/66 MP: 8/8
  6357 | D:6      | Reached skill level 9 in Axes
  6713 | D:6      | Found an opulent altar of Gozag.
  6901 | D:6      | Found a staircase to the Ecumenical Temple.
  6999 | D:6      | Reached skill level 10 in Axes
  7045 | D:6      | Reached XP level 9. HP: 62/71 MP: 9/9
  7301 | D:6      | Became a worshipper of Beogh the Brigand
  7706 | D:3      | Bought a fine war axe for 204 gold pieces
  7706 | D:3      | Identified the +7 war axe of Valiance {vorpal, *Slow rPois
                  | Int+7 Dex+3} (You bought it in a shop on level 3 of the
                  | Dungeon)
  7965 | D:7      | Noticed Maggie
  7975 | D:7      | Killed Maggie
  7976 | D:7      | Reached skill level 11 in Axes
  8166 | D:7      | Reached skill level 10 in Shields
  8641 | D:8      | Reached skill level 12 in Axes
  8809 | D:8      | Noticed a centaur warrior
  8826 | D:8      | HP: 1/69 [centaur warrior/arrow (6)]
  8828 | D:8      | Slain by a centaur warrior

Illustrated notes

Levels and vault maps discovered:
D:1:      lemuel_arrival_broad_hall, layout_basic,
          chequers_ecumenical_altar_grove
D:2:      layout_basic, uniq_natasha, uniq_terence
D:3:      layout_rooms, amcnicky_altar_gilded, serial_shops, shop_fountains,
          nicolae_shop_crystal, nicolae_shop_stone, shop
D:4:      layout_gridville, kennysheep_little_box,
          yredelemnul_forgotten_temple_becter, minivault_1, ldierk_geyser,
          grunt_decor_one_mirror, uniq_crazy_yiuf_cottage, uniq_edmund
D:5:      layout_loops_corners
D:6:      layout_cave_pools, nicolae_gozag_cash_rules_everything_around_me,
          minmay_temple_entry_glassed_door
D:7:      layout_loops_ring, kennysheep_opposing_triangles, uniq_maggie
D:8:      layout_basic, gammafunk_ghost_nasty_kobolds

Skill      XL: |  1  2  3  4  5  6  7  8  9 |
---------------+----------------------------+-----
Axes           | 3 4 5 7 8 10 12 | 12.1
Fighting       | 4 |  4.0
Armour         | 4 |  4.0
Shields        | 4 5 6 7 9 10 | 10.6

Action                   |  1- 3 |  4- 6 |  7- 9 || total
-------------------------+-------+-------+-------++-------
Melee: War axe           |    91 |   128 |   339 ||   558
Throw: Dart              |       |    10 |     1 ||    11
Invok: Convert to Beogh  |       |       |     1 ||     1
  Use: Potion            |     1 |     1 |     3 ||     5
       Scroll            |       |     4 |     4 ||     8
Armor: Scale mail        |    36 |    65 |       ||   101
       Ring mail         |       |       |   144 ||   144
Dodge: Dodged            |    23 |    53 |   100 ||   176
Block: Kite shield       |    39 |    89 |   192 ||   320
